 Dungeon Crawl Stone Soup version 0.31-a0-986-g5e6e4ef867 (webtiles) character file.

Game seed: 15835541046593800746

40 javelincjr the Changeling (level 3, 0/28 HPs)
             Began as a Draconian Shapeshifter on Nov 10, 2023.
             Slain by a cerulean imp
             ... wielding a +3 spear
             ... summoned by Natasha
              (6 damage)
             ... on level 2 of the Dungeon.
             The game lasted 00:01:57 (1280 turns).

javelincjr the Changeling (Draconian Shapeshifter)  Turns: 1280, Time: 00:01:58

Health: 0/28       AC:  5    Str: 24    XL:     3   Next: 30%
Magic:  3/3        EV: 12    Int: 16    God:
Gold:   52         SH:  0    Dex: 10    Spells: 2/2 levels left

rFire   . .          .
                       - Unarmed
rCold   . . .        (no shield)
rNeg    . . .        (body armour unavailable)
rPois   .            (helmet currently unavailable)
rElec   .            (cloak currently unavailable)
rCorr   .            (gloves currently unavailable)
SInv    .            (boots currently unavailable)
Will    .....        (no amulet)
Stlth   +            f - +6 ring of strength
HPRegen 0.24/turn    i - +6 ring of intelligence
MPRegen 0.08/turn

%: no passive effects
@: beast-form
A: beast (slay +2), AC +5, unfitting armour, cold-blooded
a: Begin Untransformation


You were on level 2 of the Dungeon.
You were a hulking beast.
You visited 1 branch of the dungeon, and saw 2 of its levels.

You collected 52 gold pieces.

Inventory:

Jewellery
 f - a +6 ring of strength (left hand)
 i - a +6 ring of intelligence (right hand)
Talismans
 b - a beast talisman
 c - a flux talisman
Scrolls
 d - a scroll of identify {unknown}
 e - 2 scrolls of teleportation {unknown}
 h - 2 scrolls of vulnerability {unknown}
Potions
 a - a potion of lignification
 g - a potion of haste {unknown}
 j - a potion of heal wounds {unknown}
 k - a potion of curing {unknown}
 l - a potion of magic {unknown}


   Skills:
 - Level 1.1 Fighting
 - Level 2.0 Dodging
 - Level 3.0 Unarmed Combat
 * Level 4.1 Shapeshifting


You had 2 spell levels left.
You didn't know any spells.
Your spell library was empty.

Dungeon Overview and Level Annotations

Branches:
Dungeon (2/15)

Altars:

Annotations:
D:2 Natasha


Innate Abilities, Weirdness & Mutations

You are a hulking beast.
Your limbs bulge with bestial killing power. (Slay +2)
Your plain brown scales are hard. (AC +5)
You cannot fit into any form of body armour.
You are cold-blooded and may be slowed by cold attacks.


Message History

The frilled lizard attacks as it pursues you!
The frilled lizard closely misses you.
There is an open door here.
The ball python attacks as it pursues you!
The ball python misses you. The ball python barely misses you.
The ball python misses you. The ball python grabs you.
The ball python constricts you. The ball python barely misses you.
The ball python constricts you.
You escape the ball python's grasp.
You hit the ball python.
You kill the ball python!
The hobgoblin hits you but does no damage.
Natasha hisses.
You see here a ball python corpse.
You punch the hobgoblin!
You kill the hobgoblin!
The cerulean imp closely misses you.
The cerulean imp hits you from afar with a +1 spear.
The cerulean imp hits you but does no damage.
You punch the cerulean imp!
The cerulean imp is heavily wounded.
The cerulean imp hits you but does no damage.
The cerulean imp hits you with a +2 spear.
Natasha casts a spell.
You miss the cerulean imp. You tail-slap the cerulean imp.
You kill the cerulean imp!
The cerulean imp disappears in a puff of smoke! x2
You barely miss Natasha. Natasha claws you.
The cerulean imp hits you but does no damage.
You hit Natasha.
Natasha is lightly wounded.
Natasha mumbles some strange words.
The cerulean imp hits you from afar with a +3 spear.
* * * LOW HITPOINT WARNING * * *
You closely miss Natasha. You tail-slap Natasha.
Natasha is heavily wounded.
Natasha claws you.
* * * LOW HITPOINT WARNING * * *
The cerulean imp hits you from afar with a +3 spear.
You die...

...~≈≈....
#...... #.#
....≈~....
#...... ...
....#≈~...
#.....##.#
.)..#~~.#
#........
......≈.#
#......#
....#.≈#
#...5r.#
.....≈~##
#....5.#
......≈~#
########5#.#
##.####≈#
#....†hhr# #
#.# #
#.########
#.# #.# #.#
#.# #.#
######.# #.#
#...†..#
#.###.######
#.....#
#######


You could see Natasha, 2 cerulean imps and a quokka.

Vanquished Creatures
  An adder (D:2)
  A dart slug (D:1)
  2 ball pythons
  3 bats (D:1)
  2 endoplasms
  2 giant cockroaches (D:1)
  6 hobgoblins
  2 kobolds
  2 frilled lizards (D:1)
  4 goblins
  A rat (D:1)
26 creatures vanquished.

Notes
Turn   | Place    | Note
-------+----------+-------------------------------------------
     0 | D:1      | javelincjr the Draconian Shapeshifter began the quest for
                  | the Orb.
     0 | D:1      | Reached XP level 1. HP: 16/16 MP: 1/1
   354 | D:1      | Reached XP level 2. HP: 19/23 MP: 2/2
   878 | D:2      | Reached skill level 4 in Shapeshifting
   878 | D:2      | Reached XP level 3. HP: 27/28 MP: 3/3
  1260 | D:2      | Noticed Natasha
  1280 | D:2      | Slain by a cerulean imp

Illustrated notes

Levels and vault maps discovered:
D:1:      elethiomel_arrival_shortcut, layout_basic, minmay_cupped
D:2:      layout_basic, serial_rivers, chequers_serial_rivers_small_a,
          chequers_serial_rivers_small_b, chequers_serial_rivers_micro_a,
          chequers_serial_rivers_small_a, chequers_serial_rivers_micro_a,
          serial_bayou_pond_d, dreamdust_wishing_well,
          chequers_serial_rivers_large_b, small_statue_intersection,
          uniq_natasha

Skill      XL: |  1  2 |
---------------+-------+-----
Dodging        | 2 |  2.0
Shapeshifting  | 4 |  4.1
Fighting       | |  1.1
Unarmed Combat | |  3.0

Action                     || total
---------------------------++-------
  Melee: Unarmed           ||    82
         Tailslap          ||    12
         Punch             ||     1
 Armour: Skin              ||    50
  Dodge: Dodged            ||    46

Table legend: (Time is in decaauts)
 A = Elapsed time spent in this place.
 B = Non-inter-level travel time spent in this place.
 C = Inter-level travel time spent in this place.
 D = Time resting spent in this place.
 E = Time spent auto-exploring this place.
 F = Levels seen in this place.
 G = Mean time per level.
                   A        B        C        D        E       F      G
               +--------+--------+--------+--------+--------+-----+--------+
         Total |   1275 |   1236 |     39 |      0 |   1034 |   2 |  637.5 |
       Dungeon |   1275 |   1236 |     39 |      0 |   1034 |   2 |  637.5 |
               +--------+--------+--------+--------+--------+-----+--------+

Top non-repeatable levels by time:
     D:1: 866 daAuts
     D:2: 408 daAuts
